 Dungeon Crawl Stone Soup version 0.31.0 (webtiles) character file.

Game seed: 1843557357008481771

420 qw the Shooter (level 6, -2/38 HPs)
             Began as a Gargoyle Hunter on Jan 19, 2024.
             Slain by an orc
             ... wielding a +0 trident
              (4 damage)
             ... on level 4 of the Dungeon.
             The game lasted 00:00:09 (2404 turns).

qw the Shooter (Gargoyle Hunter)                    Turns: 2404, Time: 00:00:09

Health: -2/38      AC: 10    Str: 14    XL:     6   Next: 94%
Magic:  6/6        EV: 10    Int: 10    God:
Gold:   268        SH:  0    Dex: 15    Spells: 5/5 levels left

rFire   . . .        a - +1 shortbow
rCold   . . .        (shield currently unavailable)
rNeg    + . .        e - +0 ring mail
rPois   inf          b - +0 helmet
rElec   +            (no cloak)
rCorr   .            (no gloves)
SInv    .            (no boots)
Will    .....        (no amulet)
Stlth   +            (no ring)
HPRegen 0.26/turn    (no ring)
MPRegen 0.10/turn

%: no passive effects
@: no status effects
A: sickness immunity, AC +4, negative energy resistance 1, electricity
resistance, torment resistance 1, petrification resistance
a: no special abilities


You were on level 4 of the Dungeon.
You visited 1 branch of the dungeon, and saw 4 of its levels.

You collected 268 gold pieces.


Innate Abilities, Weirdness & Mutations

You are immune to sickness and miasma.
Your stone body is resilient. (AC +4)
You are immune to poison.
You resist negative energy. (rN+)
You are resistant to electric shocks. (rElec)
You are resistant to unholy torment.
You are immune to petrification.


   Skills:
 - Level 4.2 Fighting
 + Level 7.1 Ranged Weapons
 - Level 1.0 Armour
 - Level 1.5 Dodging
 - Level 1.1 Stealth


You had 5 spell levels left.
You didn't know any spells.
Your spell library was empty.

Inventory:

Hand Weapons
 a - a +1 shortbow (weapon)
Armour
 b - a +0 helmet (worn)
 e - a +0 ring mail (worn)
Potions
 d - a potion of curing
 f - a potion of resistance
 i - a potion of berserk rage {unknown}
 j - a potion of mutation
 o - a potion of brilliance {unknown}

Dungeon Overview and Level Annotations

Branches:
Dungeon (4/15)
 Temple: D:4-7

Altars:

Annotations:
D:4 1 runed translucent door


Message History

You shoot an arrow.
The arrow closely misses the orc wizard.
The orc barely misses you.
The orc wizard hits you but does no damage.
The orc barely misses you. The orc closely misses you.
You shoot an arrow. The arrow barely misses the orc wizard.
The orc wizard hits you with a +0 dagger.
The orc hits you from afar with a +0 trident.
The orc barely misses you. The orc hits you but does no damage. x2
The orc barely misses you.
The orc wizard hits you but does no damage.
The orc barely misses you.
You shoot an arrow.
The arrow hits the orc wizard but does no damage.
The orc wizard is severely wounded.
The orc hits you but does no damage.
The orc wizard hits you with a +0 dagger.
The orc misses you. The orc barely misses you.
You shoot an arrow.
The arrow hits the orc wizard but does no damage.
The orc wizard is severely wounded.
The orc wizard closely misses you.
The orc hits you from afar with a +0 trident. x2
The orc barely misses you.
You shoot an arrow. The arrow hits the orc wizard.
The orc wizard is almost dead.
The orc misses you.
The orc wizard hits you but does no damage.
The orc closely misses you. The orc barely misses you.
You shoot an arrow. The arrow hits the orc wizard.
You kill the orc wizard!
The orc hits you but does no damage.
The orc hits you from afar with a +0 trident.
The orc hits you but does no damage.
You shoot an arrow. The arrow completely misses the orc.
The orc closely misses you. x2; The orc hits you but does no damage.
You shoot an arrow. The arrow hits the orc.
The orc is almost dead.
The orc hits you from afar with a +0 trident.
You die...

~+.. .#..###.......# #..
. ........%.#..########.
#.#.#.......#......#....
..................###.#.
...)##............#..#.
#Bo...........#...#..
#oo.)..#.........#..#
#o@................
#..##..##..........
#.#######..#....##. ...
#........##. .##.
#..#....##.. # ##
#####.###### ### #


You could see a bombardier beetle and 4 orcs.

Vanquished Creatures
  Grinder (D:3)
  A jelly (D:4)
  2 orc priests (D:4)
  A sleepcap (D:2)
  An orc wizard (D:4)
  2 adders
  2 ribbon worms (D:2)
  2 dart slugs
  7 orcs
  4 ball pythons
  6 endoplasms
  3 giant cockroaches
  2 goblins (D:1)
  A hobgoblin (D:3)
  2 quokkas
  2 bats (D:3)
  A frilled lizard (D:2)
  9 kobolds
  5 rats
54 creatures vanquished.

Notes
Turn   | Place    | Note
-------+----------+-------------------------------------------
     0 | D:1      | qw the Gargoyle Hunter began the quest for the Orb.
     0 | D:1      | Reached XP level 1. HP: 12/12 MP: 1/1
     0 | D:1      | 0 ||| qw: Version: 0.3-a-132-g3d54051
     0 | D:1      | 0 ||| qw: Game counter: 231
     0 | D:1      | 0 ||| qw: Melee chars always use a shield: true
     0 | D:1      | 0 ||| qw: God list: Okawaru
     0 | D:1      | 0 ||| qw: Allow faded altars: false
     0 | D:1      | 0 ||| qw: Do Orc after clearing Dungeon:15 true
     0 | D:1      | 0 ||| qw: Do second Lair branch before Depths: true
     0 | D:1      | 0 ||| qw: Lair rune preference: random
     0 | D:1      | 0 ||| qw: Goals: Normal
     0 | D:1      | 0 ||| PLANNING D:1-11
   171 | D:1      | Reached XP level 2. HP: 17/17 MP: 2/2
   540 | D:1      | Found a faded altar of an unknown god.
   645 | D:1      | 645 ||| READING 2 scrolls labelled GYISTR XIAH.
   646 | D:1      | 646 ||| DROPPING scroll of butterflies.
   769 | D:2      | Reached XP level 3. HP: 16/21 MP: 3/3
   769 | D:2      | 769 ||| FLEEEEING.
   842 | D:2      | Reached skill level 5 in Ranged Weapons
   861 | D:2      | Reached XP level 4. HP: 8/27 MP: 4/4
  1125 | D:2      | 1125 ||| FLEEEEING.
  1255 | D:2      | 1255 ||| UPGRADING to +0 helmet.
  1260 | D:2      | 1260 ||| UPGRADING to +0 ring mail.
  1270 | D:2      | 1270 ||| DROPPING +0 leather armour.
  1271 | D:2      | 1271 ||| READING 3 scrolls of identify.
  1271 | D:2      | 1271 ||| IDENTIFYING fuming cyan potion
  1272 | D:2      | 1272 ||| READING 2 scrolls of identify.
  1272 | D:2      | 1272 ||| IDENTIFYING clear potion
  1273 | D:2      | 1273 ||| READING scroll of identify.
  1273 | D:2      | 1273 ||| IDENTIFYING viscous amethyst potion
  1274 | D:2      | 1274 ||| READING scroll labelled LUFAMITHROZUZ.
  1275 | D:2      | 1275 ||| FLEEEEING.
  1283 | D:2      | 1283 ||| STAIRDANCE
  1385 | D:1      | 1385 ||| READING scroll labelled WUBEW HIGGOLIU.
  1386 | D:1      | 1386 ||| READING scroll labelled FUOLAU ILUOBLUNGI.
  1550 | D:3      | Reached skill level 1 in Armour
  1616 | D:3      | Reached skill level 3 in Fighting
  1860 | D:3      | Noticed Grinder
  1879 | D:3      | Paralysed by Grinder for 5 turns
  1901 | D:3      | Killed Grinder
  1902 | D:3      | Reached skill level 7 in Ranged Weapons
  1902 | D:3      | Reached XP level 5. HP: 14/32 MP: 5/5
  1902 | D:3      | Reached XP level 6. HP: 16/37 MP: 6/6
  2214 | D:3      | 2214 ||| READING scroll of identify.
  2214 | D:3      | 2214 ||| IDENTIFYING fizzy inky potion
  2215 | D:3      | 2215 ||| READING scroll labelled KUNIYM QAFOMA.
  2216 | D:3      | 2216 ||| FLEEEEING.
  2218 | D:3      | 2218 ||| READING scroll labelled SAFA WESISONT.
  2219 | D:3      | 2219 ||| READING scroll labelled HENNEZ TADE.
  2220 | D:3      | 2220 ||| READING scroll labelled WUONI MIT EJOM.
  2220 | D:3      | 2220 ||| ENCHANTING +0 shortbow.
  2221 | D:3      | 2221 ||| READING scroll labelled OCROKUM WUTUZU.
  2328 | D:4      | Found a runed translucent door.
  2387 | D:4      | HP: 6/38 [orc/+0 trident (4)]
  2388 | D:4      | 2388 ||| DRINKING potion of heal wounds.
  2398 | D:4      | HP: 8/38 [orc/+0 trident (3)]
  2400 | D:4      | HP: 3/38 [orc/+0 trident (1)]
  2404 | D:4      | Slain by an orc

Levels and vault maps discovered:
D:1:      amcnicky_arrival_abandoned_market, layout_basic,
          dilly_ecumenical_altar_fadedgnrine
D:2:      layout_rooms
D:3:      layout_loops_ring, eino_tiny_chamber, grunt_decor_clamped,
          chequers_hall_statues_y, minmay_gold_behind_fungi, uniq_grinder
D:4:      layout_cave_pools, mainiacjoe_overflow_cross_hatched,
          ebering_ghost_reflecting_pool, uniq_pikel

Skill      XL: |  1  2  3  4  5  6 |
---------------+-------------------+-----
Ranged Weapons | 5 7 |  7.1
Armour         | 1 |  1.0
Fighting       | 3 4 |  4.2
Dodging        | |  1.5
Stealth        | |  1.1

Action                     |  1- 3 |  4- 6 || total
---------------------------+-------+-------++-------
   Fire: Shortbow          |    74 |   148 ||   222
    Use: Scroll            |     1 |    12 ||    13
         Potion            |       |     1 ||     1
 Armour: Leather armour    |    24 |     5 ||    29
         Ring mail         |       |    69 ||    69
  Dodge: Dodged            |    14 |    64 ||    78

Table legend:
 A = Non-vault XP
 B = Vault XP
 C = Vault XP percentage of total XP
 D = Non-vault monster count
 E = Vault monster count
 F = Vault count percentage of total count
                 A         B        C        D         E       F
            +---------+---------+-------+---------+---------+-------
      Total |     319 |     281 |  46.8 |      53 |       1 |   1.9
            +---------+---------+-------+---------+---------+-------
        D:1 |      19 |       0 |   0.0 |      11 |       0 |   0.0
        D:2 |      75 |       0 |   0.0 |      15 |       0 |   0.0
        D:3 |      47 |     281 |  85.7 |      16 |       1 |   5.9
        D:4 |     178 |       0 |   0.0 |      11 |       0 |   0.0
            +---------+---------+-------+---------+---------+-------
